 Dungeon Crawl Stone Soup version 0.19.1 (webtiles) character file.

174 bongripzwizard69420 the Gusty (level 5, 0/31 HPs)
             Began as a High Elf Air Elementalist on Dec 8, 2016.
             Slain by an orc (2 damage)
             ... on level 2 of the Dungeon.
             The game lasted 00:06:02 (2377 turns).

bongripzwizard69420 the Gusty (HEAE)                Turns: 2377, Time: 00:06:02

Health: 0/31       AC:  3    Str:  7    XL:     5   Next: 28%
Magic:  3/10       EV: 13    Int: 19    God:
Gold:   59         SH:  4    Dex: 16    Spells: 3 memorised, 5 levels left

rFire  . . .     SeeInvis .     a - +2 whip (elec)
rCold  . . .     Gourm    .     m - +0 robe
rNeg   . . .     Faith    .     u - +0 buckler
rPois  .         Spirit   .     (no helmet)
rElec  .         Reflect  .     o - +0 cloak
rCorr  +         Harm     .     (no gloves)
MR     .....                    (no boots)
Stlth  ++........               (no amulet)
                                (no ring)
                                r - ring of resist corrosion

@: repel missiles
A: no striking features
a: no special abilities


You were on level 2 of the Dungeon.
You were near starving.

You visited 1 branch of the dungeon, and saw 3 of its levels.

You collected 59 gold pieces.

Inventory:

Hand Weapons
 a - a +2 whip of electrocution (weapon)
Missiles
 h - 26 poisoned needles
Armour
 m - a +0 robe (worn)
 o - a +0 cloak (worn)
 u - a +0 buckler (worn)
Jewellery
 r - a ring of resist corrosion (left hand)
Scrolls
 g - 2 scrolls of remove curse {unknown}
 i - 2 scrolls of identify {unknown}
 j - a scroll of recharging {unknown}
 l - a scroll of random uselessness {unknown}
 n - 3 scrolls of teleportation {unknown}
 p - a scroll of immolation {unknown}
 s - 3 scrolls of noise {unknown}
Potions
 d - a potion of mutation {unknown}
 e - 2 potions of curing
 k - 3 potions of might {unknown}
 q - a potion of lignification {unknown}
 v - a potion of brilliance {unknown}
Books
 b - a book of Air

   Spells                             Type                      Level
   a - Shock                          Conjuration/Air              1
   b - Swiftness                      Charms/Air                   2
   c - Repel Missiles                 Charms/Air                   2
   d - Static Discharge               Conjuration/Air              3
   e - Lightning Bolt                 Conjuration/Air              5
Comestibles
 c - 4 bread rations
 f - 2 meat rations
 t - a chunk of flesh


   Skills:
 * Level 3.7 Dodging
 + Level 2.9 Stealth
 + Level 0.3 Shields
 + Level 3.1 Spellcasting
 * Level 2.9 Conjurations
 * Level 4.7 Air Magic


You had 5 spell levels left.
You knew the following spells:

 Your Spells              Type           Power        Failure   Level  Hunger
a - Shock                 Conj/Air       ###.         6%          1    None
b - Repel Missiles        Chrm/Air       ##....       14%         2    ##.....
c - Swiftness             Chrm/Air       ##......     14%         2    ##.....


Dungeon Overview and Level Annotations

Branches:
Dungeon (3/15)

Altars:

Annotations:
D:3 Philosophy's ghost, amateur FoFi


Message History

You block the orc's attack.
Casting: Shock
Confirm with . or Enter, or press ? or * to list all spells.
Aiming: Shock
Press: ? - help, Shift-Dir - straight line The zap hits the orc.
The orc is heavily wounded.
The zap hits the orc.
The orc appears unharmed.
The orc is heavily wounded.
The orc barely misses you.
Casting: Shock
Confirm with . or Enter, or press ? or * to list all spells.
Aiming: Shock
Press: ? - help, Shift-Dir - straight line The zap hits the orc.
The orc is almost dead.
The zap hits the orc.
The orc appears unharmed.
The orc is almost dead.
The orc hits you.
You die...

#.# ######....#
#.............# #.#
#.........# ###.........#.#
### #.........#
#..........####
#####.........## ####.##.##.#
...............# #####.#####.#
#####........#####.....# #.#
....########.#......#..# #.#
##.#########.#.###..#..# #.#
...............)@o..#..#####.#
.....##......#.####.#......#.#
.....##.######.# #.#.####.#.#
.....##.# #....# #........#.#
.....##.###.#..# ###..#.....#
.....##.....#..# #..#.#####
.......##......#######.#...#
....)......................#
####...##.###......###.....#


You could see an orc.

Vanquished Creatures
  A hound (D:3)
  Ijyb (D:2)
  An orc wizard (D:2)
  2 adders (D:2)
  2 oozes
  2 worms
  2 dart slugs
  A leopard gecko (D:1)
  5 orcs
  A ball python (D:1)
  3 giant cockroaches
  3 hobgoblins
  A jackal (D:2)
  7 kobolds
  2 quokkas (D:2)
  2 bats
  6 frilled lizards
  6 goblins
  4 rats
52 creatures vanquished.

Notes
Turn   | Place    | Note
-------+----------+-------------------------------------------
     0 | D:1      | bongripzwizard69420 the High Elf Air Elementalist began the quest for the Orb.
     0 | D:1      | Reached XP level 1. HP: 11/11 MP: 4/4
   269 | D:1      | Reached XP level 2. HP: 11/17 MP: 1/6
   769 | D:1      | Reached skill level 4 in Air Magic
   846 | D:1      | Reached XP level 3. HP: 19/21 MP: 7/7
   966 | D:2      | Noticed Ijyb
   976 | D:2      | Killed Ijyb
  1124 | D:2      | Reached XP level 4. HP: 27/27 MP: 9/9
  1194 | D:2      | Learned a level 2 spell: Repel Missiles
  1197 | D:2      | Learned a level 2 spell: Swiftness
  1611 | D:3      | Noticed Philosophy's ghost (amateur FoFi)
  2150 | D:2      | Reached XP level 5. HP: 7/31 MP: 2/10
  2365 | D:3      | HP: 1/31 [orc/enchanted hand axe (2)]
  2377 | D:2      | Slain by an orc

Skill      XL: |  1  2  3  4 |
---------------+-------------+-----
Conjurations   | 2 |  2.9
Air Magic      | 4 |  4.7
Dodging        | 3 |  3.7
Spellcasting   | 3 |  3.1
Stealth        | |  2.9
Shields        | |  0.3

Action                   |  1- 3 |  4- 6 || total
-------------------------+-------+-------++-------
Melee: Unarmed           |     8 |       ||     8
       Whip              |    51 |    45 ||    96
 Cast: Shock             |    22 |    26 ||    48
       Repel Missiles    |       |     1 ||     1
  Use: Potion            |       |     1 ||     1
 Stab: Sleeping          |     1 |     2 ||     3
       Distracted        |     1 |       ||     1
  Eat: Chunk             |     1 |     2 ||     3
Armor: Robe              |    11 |    17 ||    28
Dodge: Dodged            |    43 |    34 ||    77
       Deflected         |       |     1 ||     1
Block: Buckler           |       |    13 ||    13
